APP
GREENEVILLE ASTROS @ ELIZABETHTON TWINS
10/10/2044
 
TOP OF THE 1ST
Orem Owlz batting - Pitching for Detroit (APP) Tigers : RHP Tim Blanchard
Pitching: RHP Tim Blanchard
Batting: RHB Carlos Martinez 0-0: Called Strike
0-1: Foul Ball, location: 2F
0-2: Ball
1-2: Foul Ball, location: 2F
1-2: Foul Ball, location: 2F
1-2: Foul Ball, location: 2F
1-2: Ball
2-2: Ground out 6-3 (Groundball, 6, EV 78.8 MPH)
Batting: SHB Jesse Snyder 0-0: Called Strike
0-1: Foul Ball, location: 2F
0-2: Ground out 4-3 (Groundball, 4, EV 83.1 MPH)
Batting: SHB Greg Prime 0-0: SINGLE (Line Drive, 89M, EV 88.1 MPH)
Batting: LHB Matt Acevedo 0-0: Ball
Greg Prime steals 2nd base
1-0: Ball
2-0: Called Strike
2-1: Fly out, F8 (Flyball, 8RS, EV 80.6 MPH)
Top of the 1st over - 0 runs, 1 hit, 0 errors, 1 left on base; Orem 0 - Detroit (APP) 0
BOTTOM OF THE 1ST
Detroit (APP) Tigers batting - Pitching for Orem Owlz : RHP Chris Morales
Pitching: RHP Chris Morales
Batting: RHB Brian Bartholomew 0-0: Ball
1-0: Ball
2-0: Foul Ball, location: 2F
2-1: Swinging Strike
2-2: Fly out, F4 (Line Drive, 4, EV 65.0 MPH)
Batting: RHB Raul Villa 0-0: Ball
1-0: Ball
2-0: Bunt for hit to 15S - play at first, batter safe!
Batting: RHB Drew Shamis 0-0: Called Strike
0-1: Ball
1-1: Ball
2-1: Swinging Strike
2-2: SINGLE (Groundball, 4D, EV 97.5 MPH)
Raul Villa to second
Runner from 2nd tries for 3rd, SAFE, no throw by CF
Batting: RHB Mark Williamson 0-0: Ball
1-0: Ball
2-0: Foul Ball, location: 2F
2-1: Swinging Strike
2-2: Ball
Drew Shamis steals 2nd base
3-2: Ground out 6-3 (Groundball, 6M, EV 88.8 MPH)
Raul Villa scores
Drew Shamis to third
Batting: RHB Danny Doster 0-0: Fly out, F7 (Flyball, 78S, EV 83.8 MPH)
Bottom of the 1st over - 1 run, 2 hits, 0 errors, 1 left on base; Orem 0 - Detroit (APP) 1
TOP OF THE 2ND
Orem Owlz batting - Pitching for Detroit (APP) Tigers : RHP Tim Blanchard
Batting: RHB Valentyn Inverno 0-0: Ball
1-0: Foul Ball, location: 2F
1-1: SINGLE (Groundball, 34S, EV 84.4 MPH) (infield hit)
Batting: LHB Mike Martinez 0-0: Ball
1-0: Swinging Strike
1-1: Called Strike
1-2: Strikes out swinging
Batting: RHB Matt Trevizo 0-0: Called Strike
0-1: Ball
1-1: Ball
2-1: Foul Ball, location: 2F
2-2: Foul Ball, location: 2F
2-2: Strikes out looking
Batting: RHB Eric Moore 0-0: Called Strike
0-1: Ball
1-1: Ball
2-1: Ground out 4-3 (Groundball, 4, EV 85.6 MPH)
Top of the 2nd over - 0 runs, 1 hit, 0 errors, 1 left on base; Orem 0 - Detroit (APP) 1
BOTTOM OF THE 2ND
Detroit (APP) Tigers batting - Pitching for Orem Owlz : RHP Chris Morales
Batting: LHB Mike Elliott 0-0: Ball
1-0: Ball
2-0: Ball
3-0: Called Strike
3-1: Foul Ball, location: 2F
3-2: Base on Balls
Batting: RHB Mike Pollock 0-0: Ball
Mike Elliott steals 2nd base
1-0: DOUBLE (Flyball, 89D, EV 88.1 MPH)
Mike Elliott scores
Batting: RHB Mike Ivanov 0-0: Called Strike
0-1: Ball
1-1: Ball
2-1: SINGLE (Groundball, 56D, EV 94.4 MPH)
Mike Pollock to third
Runner from 3rd tries for Home, SAFE, throw by LF to home
Batting: LHB Bryan Heiner 0-0: Called Strike
0-1: DOUBLE (Flyball, 8RXD, EV 109.4 MPH)
Mike Ivanov to third
Batting: RHB Brian Bartholomew 0-0: Ground out 1-3 (Groundball, 34S, EV 78.8 MPH)
Batting: RHB Raul Villa 0-0: Ball
1-0: Ball
2-0: Ground out 5-3 (Groundball, 56S, EV 77.5 MPH)
Mike Ivanov scores
Bryan Heiner to third
Batting: RHB Drew Shamis 0-0: Swinging Strike
0-1: Foul Ball, location: 2F
0-2: Ground out 2-3 (Groundball, 15S, EV 67.5 MPH)
Bottom of the 2nd over - 3 runs, 3 hits, 0 errors, 1 left on base; Orem 0 - Detroit (APP) 4
TOP OF THE 3RD
Orem Owlz batting - Pitching for Detroit (APP) Tigers : RHP Tim Blanchard
Batting: RHB Jeremy Allen 0-0: Swinging Strike
0-1: Called Strike
0-2: Foul Ball, location: 2F
0-2: Ball
1-2: Ball
2-2: Foul Ball, location: 2F
2-2: Strikes out swinging
Batting: RHB Carlos Martinez 0-0: Ground out 5-3 (Groundball, 56, EV 103.8 MPH)
Batting: SHB Jesse Snyder 0-0: Fly out, F7 (Flyball, 7D, EV 83.1 MPH)
Top of the 3rd over - 0 runs, 0 hits, 0 errors, 0 left on base; Orem 0 - Detroit (APP) 4
BOTTOM OF THE 3RD
Detroit (APP) Tigers batting - Pitching for Orem Owlz : RHP Chris Morales
Batting: RHB Mark Williamson 0-0: Swinging Strike
0-1: Ground out 4-3 (Groundball, 4M, EV 86.3 MPH)
Batting: RHB Danny Doster 0-0: Foul Ball, location: 2F
0-1: Called Strike
0-2: Foul Ball, location: 2F
0-2: Ball
1-2: Ball
2-2: Foul Ball, location: 2F
2-2: Foul Ball, location: 2F
2-2: Ball
3-2: SINGLE (Line Drive, 7LS, EV 109.4 MPH)
Batting: LHB Mike Elliott 0-0: Called Strike
Danny Doster steals 2nd base
0-1: Ball
1-1: Foul Ball, location: 2LF, Error on foul ball, E2
1-2: Strikes out looking
Batting: RHB Mike Pollock 0-0: Called Strike
0-1: SINGLE (Groundball, 6MD, EV 107.5 MPH)
Danny Doster to third
Runner from 3rd tries for Home, throw by CF and OUT! 8-2
Bottom of the 3rd over - 0 runs, 2 hits, 1 error, 1 left on base; Orem 0 - Detroit (APP) 4
TOP OF THE 4TH
Orem Owlz batting - Pitching for Detroit (APP) Tigers : RHP Tim Blanchard
Batting: SHB Greg Prime 0-0: Foul Ball, location: 2F
0-1: TRIPLE (Line Drive, 8RXD, EV 103.8 MPH)
Batting: LHB Matt Acevedo 0-0: Called Strike
0-1: Ball
1-1: Swinging Strike
1-2: Foul Ball, location: 2F
1-2: Fly out, F7 (Flyball, 7D, EV 93.8 MPH)
Runner from 3rd tags up, SCORES, throw by LF
Batting: RHB Valentyn Inverno 0-0: SINGLE (Groundball, 56D, EV 99.4 MPH)
Batting: LHB Mike Martinez 0-0: Ball
1-0: Ground out 6-3 (Groundball, 4, EV 106.9 MPH)
Valentyn Inverno to second
Batting: RHB Matt Trevizo 0-0: Called Strike
0-1: Foul Ball, location: 2F
0-2: Ball
1-2: Ball
2-2: Ground out 6-3 (Groundball, 6, EV 101.9 MPH)
Top of the 4th over - 1 run, 2 hits, 0 errors, 1 left on base; Orem 1 - Detroit (APP) 4
BOTTOM OF THE 4TH
Detroit (APP) Tigers batting - Pitching for Orem Owlz : RHP Chris Morales
Batting: RHB Mike Ivanov 0-0: Called Strike
0-1: Swinging Strike
0-2: Ground out 6-3 (Groundball, 6M, EV 99.4 MPH)
Batting: LHB Bryan Heiner 0-0: Ball
1-0: Called Strike
1-1: Ball
2-1: Ground out 1-3 (Groundball, 34S, EV 67.5 MPH)
Batting: RHB Brian Bartholomew 0-0: Ball
1-0: Ball
2-0: Ball
3-0: Base on Balls
Batting: RHB Raul Villa 0-0: Ball
Brian Bartholomew is caught stealing 2nd base 2-4
Bottom of the 4th over - 0 runs, 0 hits, 0 errors, 0 left on base; Orem 1 - Detroit (APP) 4
TOP OF THE 5TH
Orem Owlz batting - Pitching for Detroit (APP) Tigers : RHP Tim Blanchard
Batting: RHB Eric Moore 0-0: Fly out, F7 (Flyball, 7S, EV 90.0 MPH)
Batting: RHB Jeremy Allen 0-0: SOLO HOME RUN (Flyball, 7D, EV 105.0 MPH), Distance : 370 ft
Batting: RHB Carlos Martinez 0-0: Called Strike
0-1: Ball
1-1: Ground out 6-3 (Groundball, 6S, EV 88.8 MPH)
Batting: SHB Jesse Snyder 0-0: Ball
1-0: Fly out, F8 (Flyball, 8LS, EV 93.1 MPH)
Top of the 5th over - 1 run, 1 hit, 0 errors, 0 left on base; Orem 2 - Detroit (APP) 4
BOTTOM OF THE 5TH
Detroit (APP) Tigers batting - Pitching for Orem Owlz : RHP Chris Morales
Batting: RHB Raul Villa 0-0: Bunt missed!
0-1: Ground out 6-3 (Groundball, 6, EV 81.3 MPH)
Batting: RHB Drew Shamis 0-0: Ground out 6-3 (Groundball, 6, EV 81.9 MPH)
Batting: RHB Mark Williamson 0-0: Fly out, F7 (Flyball, 78M, EV 94.4 MPH)
Bottom of the 5th over - 0 runs, 0 hits, 0 errors, 0 left on base; Orem 2 - Detroit (APP) 4
TOP OF THE 6TH
Orem Owlz batting - Pitching for Detroit (APP) Tigers : RHP Tim Blanchard
Batting: SHB Greg Prime 0-0: Ball
1-0: Fly out, F8 (Line Drive, 8RD, EV 85.6 MPH)
Batting: LHB Matt Acevedo 0-0: Ball
1-0: Fly out, F7 (Flyball, 78D, EV 75.0 MPH)
Batting: RHB Valentyn Inverno 0-0: Ball
1-0: Foul Ball, location: 2F
1-1: Called Strike
1-2: Ball
2-2: DOUBLE (Groundball, 5L, EV 102.5 MPH)
Batting: LHB Mike Martinez 0-0: Ball
1-0: Ground out 4-3 (Groundball, 4, EV 90.0 MPH)
Top of the 6th over - 0 runs, 1 hit, 0 errors, 1 left on base; Orem 2 - Detroit (APP) 4
BOTTOM OF THE 6TH
Detroit (APP) Tigers batting - Pitching for Orem Owlz : RHP Chris Morales
Batting: RHB Danny Doster 0-0: Swinging Strike
0-1: Foul Ball, location: 2F
0-2: Ball
1-2: Ball
2-2: Foul Ball, location: 2F
2-2: Ball
3-2: Fly out, F7 (Flyball, 7, EV 88.1 MPH)
Pitching: RHP David Travieso
Batting: LHB Mike Elliott 0-0: Ball
1-0: Ball
2-0: Ball
3-0: Base on Balls
Batting: RHB Mike Pollock 0-0: Ball
1-0: Called Strike
1-1: Grounds into double play, 5-4-3 (Groundball, 5, EV 90.6 MPH)
Bottom of the 6th over - 0 runs, 0 hits, 0 errors, 0 left on base; Orem 2 - Detroit (APP) 4
TOP OF THE 7TH
Orem Owlz batting - Pitching for Detroit (APP) Tigers : RHP Tim Blanchard
Batting: RHB Matt Trevizo 0-0: Called Strike
0-1: Foul Ball, location: 2F
0-2: Ball
1-2: Ball
2-2: Foul Ball, location: 2F
2-2: Strikes out looking
Batting: RHB Eric Moore 0-0: Ball
1-0: Ball
2-0: Swinging Strike
2-1: Ball
3-1: Swinging Strike
3-2: Fly out, F8 (Flyball, 89D, EV 101.9 MPH)
Batting: RHB Jeremy Allen 0-0: Ball
1-0: Ground out 6-3 (Groundball, 6, EV 100.6 MPH)
Top of the 7th over - 0 runs, 0 hits, 0 errors, 0 left on base; Orem 2 - Detroit (APP) 4
BOTTOM OF THE 7TH
Detroit (APP) Tigers batting - Pitching for Orem Owlz : RHP David Travieso
Batting: RHB Mike Ivanov 0-0: Called Strike
0-1: Foul Ball, location: 2F
0-2: Strikes out swinging
Batting: LHB Bryan Heiner 0-0: Ball
1-0: Ball
2-0: Swinging Strike
2-1: Swinging Strike
2-2: Strikes out looking
Batting: RHB Brian Bartholomew 0-0: Called Strike
0-1: Ball
1-1: Foul Ball, location: 2F
1-2: Foul Ball, location: 2F
1-2: Ball
2-2: SINGLE (Line Drive, 34, EV 101.3 MPH)
Batting: RHB Raul Villa 0-0: Fielders Choice at 2nd, 6-4 (Groundball, 6, EV 89.4 MPH)
Bottom of the 7th over - 0 runs, 1 hit, 0 errors, 1 left on base; Orem 2 - Detroit (APP) 4
TOP OF THE 8TH
Orem Owlz batting - Pitching for Detroit (APP) Tigers : RHP Tim Blanchard
Pitching: RHP Mike Manis
Batting: RHB Carlos Martinez 0-0: Foul Ball, location: 2F
0-1: Ball
1-1: Ground out 4-3 (Groundball, 4, EV 86.3 MPH)
Batting: SHB Jesse Snyder 0-0: Ground out 5-3 (Groundball, 5, EV 111.3 MPH)
Batting: SHB Greg Prime 0-0: SINGLE (Groundball, 34S, EV 65.0 MPH) (infield hit)
Batting: LHB Matt Acevedo 0-0: Ball
1-0: Ground out 4-3 (Groundball, 4, EV 103.8 MPH)
Top of the 8th over - 0 runs, 1 hit, 0 errors, 1 left on base; Orem 2 - Detroit (APP) 4
BOTTOM OF THE 8TH
Detroit (APP) Tigers batting - Pitching for Orem Owlz : RHP David Travieso
Pitching: RHP Francisco Pagan
Batting: RHB Drew Shamis 0-0: Ground out U3 (Groundball, 34, EV 81.9 MPH)
Batting: RHB Mark Williamson 0-0: Foul Ball, location: 2F
0-1: Ball
1-1: Swinging Strike
1-2: Fly out, F4 (Popup, 4, EV 66.9 MPH)
Batting: RHB Danny Doster 0-0: Foul Ball, location: 2F
0-1: Reached on error, E1 (Groundball, P, EV 81.9 MPH)
Batting: LHB Mike Elliott 0-0: Called Strike
0-1: Ball
1-1: Ball
2-1: Ground out 4-3 (Groundball, 4, EV 115.6 MPH)
Bottom of the 8th over - 0 runs, 0 hits, 1 error, 1 left on base; Orem 2 - Detroit (APP) 4
TOP OF THE 9TH
Orem Owlz batting - Pitching for Detroit (APP) Tigers : RHP Mike Manis
Pitching: LHP Dan Okerlund
Batting: RHB Valentyn Inverno 0-0: Ground out 1-3 (Groundball, 13S, EV 74.4 MPH)
Batting: LHB Mike Martinez 0-0: Foul Ball, location: 2F
0-1: Foul Ball, location: 2F
0-2: Strikes out looking
Batting: RHB Matt Trevizo 0-0: Called Strike
0-1: Swinging Strike
0-2: Ball
1-2: DOUBLE (Line Drive, 89D, EV 108.8 MPH)
Pinch Hitting: RHB Antonio Torres 0-0: Ball
1-0: Called Strike
1-1: Fly out, F7 (Flyball, 7, EV 85.6 MPH)
Top of the 9th over - 0 runs, 1 hit, 0 errors, 1 left on base; Orem 2 - Detroit (APP) 4
Thursday, March 31st , 2022 - OOTP Baseball 22.12 Build 89